 Dungeon Crawl Stone Soup version 0.29.0-4-gdea44cf6ec (webtiles) character file.

Game seed: 9700937630213631228

22 qw the Firebug (level 2, -1/23 HPs)
             Began as a Ghoul Fire Elementalist on Aug 29, 2022.
             Slain by a gnoll
             ... wielding a +0 whip
              (6 damage)
             ... on level 2 of the Dungeon.
             The game lasted 00:00:59 (1411 turns).

qw the Firebug (Ghoul Fire Elementalist)            Turns: 1411, Time: 00:01:00

Health: -1/23      AC:  3    Str: 11    XL:     2   Next: 91%
Magic:  3/3        EV: 11    Int: 10    God:
Gold:   57         SH:  0    Dex:  9    Spells: 3/4 levels left

rFire   . . .      SeeInvis .     - Unarmed
rCold   + . .      Faith    .   (no shield)
rNeg    + + +      Spirit   .   f - +0 leather armour
rPois   inf        Reflect  .   (no helmet)
rElec   .          Harm     .   (no cloak)
rCorr   .          Rampage  .   (no gloves)
Will    .....                   (no boots)
Stlth   +.........              (no amulet)
HPRegen 0.00/turn               (no ring)
MPRegen 0.08/turn               (no ring)

@: inhibited regen
A: claws 1, cold resistance 1, negative energy resistance 3, inhibited
regeneration, torment resistance 2, devour on kill
a: no special abilities


You were on level 2 of the Dungeon.
You visited 1 branch of the dungeon, and saw 2 of its levels.

You collected 57 gold pieces.


Innate Abilities, Weirdness & Mutations

You are immune to poison.
You have sharp fingernails.
Your flesh is cold resistant. (rC+)
You are immune to negative energy. (rN+++)
You do not regenerate when monsters are visible.
You are immune to unholy pain and torment.
You thrive by killing the living.


   Skills:
 - Level 1.0 Fighting
 - Level 1.7 Dodging
 - Level 2.1 Stealth
 + Level 2.3 Unarmed Combat
 - Level 1.7 Spellcasting
 - Level 0.7 Conjurations
 - Level 2.4 Fire Magic


You had 3 spell levels left.
You knew the following spells:

 Your Spells              Type           Power      Damage    Failure   Level
a - Foxfire               Conj/Fire      16%        2x1d4     22%         1

Your spell library contained the following spells:

 Spells                   Type           Power      Damage    Failure   Level
 Scorch                   Fire           10%        2d6       24%         2
 Conjure Flame            Conj/Fire      4%         6-21      54%         3
 Inner Flame              Hex/Fire       3%         N/A       61%         3
 Flame Wave               Conj/Fire      4%         2d5       91%         4

Inventory:

Armour
 f - a +0 leather armour (worn)
Scrolls
 g - a scroll of identify
Potions
 c - a potion of lignification {unknown}
 e - a potion of flight {unknown}

Dungeon Overview and Level Annotations

Branches:
Dungeon (2/15)

Altars:

Annotations:
D:2 Jessica


Message History

You kill the kobold!
The dart slug launches a dart at you. The slug dart hits you.
1398 ||| Stepping ~*~*~tactically~*~*~ (hiding).
1399 ||| FLEEEEING.
The endoplasm freezes you.
You are frozen.
You resist.
You scratch the endoplasm.
The endoplasm is moderately wounded.
The endoplasm closely misses you.
A gnoll comes into view. It is wielding a +0 whip.
The gnoll shouts!
You scratch the endoplasm.
You kill the endoplasm!
You feel better.
You hear a shout! x3
The dart slug misses you.
You scratch the dart slug.
The dart slug is heavily wounded.
The dart slug bites you.
You scratch the dart slug.
The dart slug is severely wounded.
You claw the dart slug!
You kill the dart slug!
You closely miss the gnoll. The gnoll hits you with a +0 whip.
You scratch the gnoll but do no damage. The gnoll hits you with a +0 whip.
You scratch the gnoll.
The gnoll is moderately wounded.
Jessica the Apprentice Sorceress comes into view.
She is wielding a +0 club and wearing a +2 robe of positive energy.
The gnoll hits you with a +0 whip.
You barely miss the gnoll.
The gnoll is moderately wounded.
Jessica shouts!
You scratch the gnoll but do no damage.
The gnoll is moderately wounded.
A gnoll comes into view. It is wielding a +0 spear.
The gnoll hits you with a +0 whip.
You die...

#.# #.# ....#
#.# ....# #
#.# ...?#
#.#.# ...>#
#.#<####....#
#......+....#
#.#.####...g#
#.#.%@.)# #
#..g..#
#.##### #..
###


You could see 2 gnolls.

Vanquished Creatures
  A dart slug (D:2)
  2 bats (D:1)
  2 endoplasms
  3 giant cockroaches (D:1)
  A hobgoblin (D:1)
  3 jackals (D:1)
  A frilled lizard (D:2)
  4 kobolds
  2 rats (D:1)
19 creatures vanquished.

Notes
Turn   | Place    | Note
-------+----------+-------------------------------------------
     0 | D:1      | qw the Ghoul Fire Elementalist began the quest for the Orb.
     0 | D:1      | Reached XP level 1. HP: 14/14 MP: 2/2
     0 | D:1      | 0 ||| qw: Version: 0.1-a-90-g952f4b7
     0 | D:1      | 0 ||| qw: Game counter: 4058
     0 | D:1      | 0 ||| qw: Always use a shield: true
     0 | D:1      | 0 ||| qw: God list: Okawaru
     0 | D:1      | 0 ||| qw: Allow faded altars: false
     0 | D:1      | 0 ||| qw: Do Orc after D:15 true
     0 | D:1      | 0 ||| qw: Do second Lair branch before Depths: true
     0 | D:1      | 0 ||| qw: Lair rune preference: random
     0 | D:1      | 0 ||| qw: Plans: Normal
     0 | D:1      | 0 ||| PLANNING D:1-11
   359 | D:1      | Reached skill level 1 in Unarmed Combat
   522 | D:1      | Reached skill level 1 in Fighting
   522 | D:1      | Reached XP level 2. HP: 23/23 MP: 3/3
   951 | D:1      | 951 ||| Stepping ~*~*~tactically~*~*~ (stealth).
   955 | D:1      | 955 ||| Stepping ~*~*~tactically~*~*~ (outnumbered).
   967 | D:1      | HP: 4/23 [jackal (2)]
  1322 | D:1      | 1322 ||| UPGRADING to +0 leather armour.
  1332 | D:1      | 1332 ||| DROPPING +0 robe.
  1333 | D:1      | 1333 ||| READING 2 scrolls labelled YGRI VIPERHUW.
  1334 | D:1      | 1334 ||| READING scroll labelled QIFI IKIRUN.
  1335 | D:1      | 1335 ||| READING scroll labelled MEDECI DAHUSS.
  1336 | D:1      | 1336 ||| READING scroll labelled AQOFI VUKH.
  1337 | D:1      | 1337 ||| DROPPING potion of magic.
  1392 | D:2      | 1392 ||| Stepping ~*~*~tactically~*~*~ (stealth).
  1393 | D:2      | 1393 ||| Stepping ~*~*~tactically~*~*~ (stealth).
  1398 | D:2      | 1398 ||| Stepping ~*~*~tactically~*~*~ (hiding).
  1399 | D:2      | 1399 ||| FLEEEEING.
  1409 | D:2      | Noticed Jessica
  1409 | D:2      | HP: 5/23 [gnoll/+0 whip (2)]
  1411 | D:2      | Slain by a gnoll

Levels and vault maps discovered:
D:1:      dpeg_arrival_stone_temple_mockup, layout_basic,
          minmay_misc_feat_ornament
D:2:      layout_basic, basic_altar, uniq_sigmund, uniq_robin, uniq_jessica,
          uniq_natasha

Skill      XL: |  1  2 |
---------------+-------+-----
Unarmed Combat | 1 2 |  2.3
Fighting       | 1 |  1.0
Dodging        | |  1.7
Stealth        | |  2.1
Spellcasting   | |  1.7
Conjurations   | |  0.7
Fire Magic     | |  2.4

Action                   || total
-------------------------++-------
Melee: Unarmed           ||    90
  Use: Scroll            ||     4
Armor: Robe              ||    22
       Leather armour    ||     2
Dodge: Dodged            ||    63

Table legend:
 A = Non-vault XP
 B = Vault XP
 C = Vault XP percentage of total XP
 D = Non-vault monster count
 E = Vault monster count
 F = Vault count percentage of total count
                 A         B        C        D         E       F
            +---------+---------+-------+---------+---------+-------
      Total |      32 |       0 |   0.0 |      19 |       0 |   0.0
            +---------+---------+-------+---------+---------+-------
        D:1 |      24 |       0 |   0.0 |      15 |       0 |   0.0
        D:2 |       8 |       0 |   0.0 |       4 |       0 |   0.0
            +---------+---------+-------+---------+---------+-------
